 Dungeon Crawl Stone Soup version 0.25-a0-614-g73ad250637 (webtiles) character file.

Game seed: 40701814916997011, levelgen mode: deterministic

16 Amnesiac the Ducker (level 2, -2/16 HPs)
             Began as a Spriggan Berserker on Mar 17, 2020.
             Slain by a polar bear (8 damage)
             ... created by the rage of Trog
             ... on level 1 of the Dungeon.
             The game lasted 00:01:13 (274 turns).

Amnesiac the Ducker (Spriggan Berserker)             Turns: 274, Time: 00:01:13

Health: -2/16      AC:  2    Str: 13    XL:     2   Next: 37%
Magic:  3/3        EV: 19    Int:  8    God:
Gold:   10         SH:  0    Dex: 15    Spells: 1/1 levels left

rFire    . . .     SeeInvis +   a - +0 short sword
rCold    . . .     Gourm    .   (shield restricted)
rNeg     . . .     Faith    .   e - +0 animal skin
rPois    .         Spirit   .   (helmet restricted)
rElec    .         Reflect  .   (no cloak)
rCorr    .         Harm     .   (gloves unavailable)
MR       .....                  (boots unavailable)
Stlth    +.........             (no amulet)
HPRegen  0.05/turn              (no ring)
MPRegen  0.08/turn              (no ring)

@: brilliant, very quick
A: very small, unfitting armour, see invisible, herbivore, speed 3, slow
metabolism 2
a: no special abilities


You were on level 1 of the Dungeon.
You were not hungry.

You visited 1 branch of the dungeon, and saw 1 of its levels.

You collected 10 gold pieces.

Inventory:

Hand Weapons
 a - a +0 short sword (weapon)
 b - a +0 hunting sling
Missiles
 g - 2 stones (quivered)
Armour
 e - a +0 animal skin (worn)
Potions
 h - a potion of magic {!q, unknown}
Comestibles
 c - 2 rations


   Skills:
 - Level 2.4 Fighting
 + Level 4.2 Short Blades
 - Level 4.4 Dodging


You had one spell level left.
You didn't know any spells.
Your spell library was empty.

Dungeon Overview and Level Annotations

Branches:
Dungeon (1/15)

Altars:


Innate Abilities, Weirdness & Mutations

You are very small and have problems with some larger weapons.
You are too small for most types of armour.
You have supernaturally acute eyesight. (SInv)
You are a herbivore.
You cover ground extremely quickly.
You need to consume almost no food.


Message History

You see here a dart slug corpse.
g - 2 stones (gained 1)
A goblin comes into view.
The goblin shouts!
Firing (i - inventory)
g - 2 stones (quivered)
Press: ? - help, Shift-Dir - straight line, f - goblin
Aim: a goblin You shoot a stone.
The stone closely misses the goblin.
The goblin completely misses you.
Firing (i - inventory)
g - a stone (quivered)
Press: ? - help, Shift-Dir - straight line, f/p - goblin
Aim: a goblin You shoot a stone.
The stone hits the goblin.
The goblin is moderately wounded.
a - a +0 short sword (weapon)
The goblin completely misses you.
You barely miss the goblin.
The goblin is moderately wounded.
The goblin hits you but does no damage.
You hit the goblin.
You kill the goblin!
No target in view!
No target in view!
You see here a goblin corpse.
g - a stone
g - 2 stones (gained 1) HP restored.
Trog sends monsters to punish you. 3 polar bears come into view.
There are monsters nearby!
Really read
f - 3 scrolls labeled URRIER DOETRENK {!r}? [Y]es or [N]o only, please.
Really read
f - 3 scrolls labeled URRIER DOETRENK {!r}?
As you read the scroll labeled URRIER DOETRENK {!r}, it crumbles to dust.
Your +0 short sword glows gleaming green for a moment.
It was a scroll of random uselessness {!r}.
Unknown command.
Unknown command.
Unknown command.
Unknown command.
Really read
f - 2 scrolls of random uselessness {!r}?
As you read the scroll of random uselessness {!r}, it crumbles to dust.
Your +0 short sword glows dull mauve for a moment.
The polar bear misses you. The polar bear claws you. x2
* * * LOW HITPOINT WARNING * * *
The polar bear completely misses you. The polar bear misses you.
The polar bear barely misses you.
Really read
f - a scroll of random uselessness {!r}?
As you read the scroll of random uselessness {!r}, it crumbles to dust.
You hear a crunching sound.
The polar bear barely misses you. The polar bear closely misses you.
The polar bear barely misses you. x2; The polar bear misses you.
The polar bear barely misses you. x2; The polar bear completely misses you.
The polar bear closely misses you. The polar bear misses you.
The polar bear claws you but does no damage. x2
You aren't carrying any scrolls.
Unknown command.
You aren't carrying any scrolls.
Really quaff
d - a fizzy green potion {!q}?
It was a potion of brilliance {!q}.
You feel clever all of a sudden. The polar bear bites you!
Ouch! That really hurt!
You die...

# ####)#####
###........#
.........).#
##.........# #.........#
#........^# #.........#
.#.........#############
.#.........#..hh@h......
###.......[#.###########
##########.# #.# #.# #.#
#.# #.# #.#


You could see 3 polar bears.

Vanquished Creatures
  A dart slug (D:1)
  A bat (D:1)
  A giant cockroach (D:1)
  3 hobgoblins (D:1)
  A frilled lizard (D:1)
  3 goblins (D:1)
  2 kobolds (D:1)
12 creatures vanquished.

Notes
Turn   | Place    | Note
-------+----------+-------------------------------------------
     0 | D:1      | Amnesiac the Spriggan Berserker began the quest for the
                  | Orb.
     0 | D:1      | Reached XP level 1. HP: 11/11 MP: 2/2
     0 | D:1      | Fell from the grace of Trog
    96 | D:1      | Reached XP level 2. HP: 10/16 MP: 3/3
   271 | D:1      | Noticed a polar bear
   271 | D:1      | Noticed a polar bear
   271 | D:1      | Noticed a polar bear
   274 | D:1      | Slain by a polar bear

Levels and vault maps discovered:
D:1:      nzn_arrival_crosshair, layout_basic, minmay_vboxes

Skill      XL: |  1  2 |
---------------+-------+-----
Short Blades   | 4 |  4.2
Fighting       | |  2.4
Dodging        | |  4.4

Action                   || total
-------------------------++-------
Melee: Short sword       ||    35
 Fire: Hunting sling     ||     5
Invok: Renounce Religion ||     1
  Use: Scroll            ||     3
       Potion            ||     1
 Stab: Sleeping          ||     2
Armor: Animal skin       ||     4
Dodge: Dodged            ||    35

Table legend:
 A = Non-vault XP
 B = Vault XP
 C = Vault XP percentage of total XP
 D = Non-vault monster count
 E = Vault monster count
 F = Vault count percentage of total count
                 A         B        C        D         E       F
            +---------+---------+-------+---------+---------+-------
      Total |      23 |       0 |   0.0 |      12 |       0 |   0.0
            +---------+---------+-------+---------+---------+-------
        D:1 |      23 |       0 |   0.0 |      12 |       0 |   0.0
            +---------+---------+-------+---------+---------+-------
